 Dungeon Crawl Stone Soup version 0.32-a0-290-g598725c5f2 (webtiles) character file.

Game seed: 4928404904596761367

88 kae the Changeling (level 4, -4/32 HPs)
             Began as a Demonspawn Shapeshifter on Feb 13, 2024.
             Slain by an orc
             ... wielding a +0 trident
              (5 damage)
             ... on level 4 of the Dungeon.
             The game lasted 00:02:17 (1303 turns).

kae the Changeling (Demonspawn Shapeshifter)        Turns: 1303, Time: 00:02:18

Health: -4/32      AC:  5    Str: 12 (14) XL:     4   Next: 30%
Magic:  4/4        EV: 12    Int: 10 (11) God:
Gold:   102        SH:  0    Dex: 11 (14) Spells: 3/3 levels left

rFire   . .          .
                       - Unarmed
rCold   . . .        (no shield)
rNeg    . . .        a - +0 animal skin
rPois   .            (helmet currently unavailable)
rElec   .            (cloak currently unavailable)
rCorr   .            (gloves currently unavailable)
SInv    .            (boots currently unavailable)
Will    +....        (no amulet)
Stlth   +            (no ring)
HPRegen 0.25/turn    (no ring)
MPRegen 0.09/turn

%: no passive effects
@: about to teleport, beast-form, enlightened, flying (expiring)
A: beast (slay +2), yellow scales 2
a: Begin Untransformation


You were on level 4 of the Dungeon.
You were a hulking beast.
You visited 1 branch of the dungeon, and saw 3 of its levels.

You collected 102 gold pieces.


Innate Abilities, Weirdness & Mutations

You are a hulking beast.
Your limbs bulge with bestial killing power. (Slay +2)
You are mostly covered in yellow scales. (AC +3)


   Skills:
 - Level 1.0 Fighting
 - Level 1.7 Dodging
 - Level 2.6 Unarmed Combat
 + Level 4.4 Shapeshifting


You had 3 spell levels left.
You didn't know any spells.
Your spell library contained the following spells:

 Spells                   Type           Power      Damage    Failure   Level
 Summon Small Mammal      Summ           0%         N/A       36%         1
 Call Canine Familiar     Summ           0%         N/A       75%         3
 Summon Blazeheart Golem  Fire/Summ      0%         N/A       98%         4

Inventory:

Missiles
 g - 24 stones (quivered)
 i - 2 boomerangs
Armour
 a - a +0 animal skin (worn)
 f - a +0 cloak
   (You found it on level 1 of the Dungeon)
Talismans
 c - a beast talisman (active)
 d - a flux talisman
Potions
 b - a potion of lignification {!q}
 e - a potion of brilliance
 h - a potion of mutation {unknown}
 j - a potion of degeneration {!q}
 n - a potion of invisibility {unknown}

Dungeon Overview and Level Annotations

Branches:
Dungeon (2/15) Zot: 16703  Temple (0/1) D:4

Altars:
Wu Jian

#.##..###.###........#
#. #..#........######
#. #..#.#.##...# #
#.#. #.##.#.##
#.##.#.#.....#
...........>.#
######.#.....#
#.#..#.##
#h#oo#.######.
######o#.#.o.......
....)...o###.##....
^.......## ##w..# #
#####.##. o:..... #..
. ####### #.. ## #. ..


You could see 2 orcs.


Message History

You take 5 damage, and now have 4/32 hp.
The giant cockroach bites you but does no damage.
Things that are here:
a +0 hand axe; a +0 leather armour It was a potion of degeneration.
There was something very wrong with that liquid.
You feel weakened.
You feel dopey.
You feel clumsy.
The giant cockroach bites you but does no damage. 😱 HP[+1] It was a potion of enlightenment.
You feel very buoyant.
You fly up into the air.
The giant cockroach misses you. The orc barely misses you.
The giant cockroach closely misses you.
It was a potion of heal wounds.
You feel much better. The orc hits you but does no damage.
The giant cockroach closely misses you. 😕 HP[+25]
You regained 25 hp, and now have 30/32 hp.
You hit the giant cockroach but do no damage.
The orc hits you from afar with a +0 trident.
The giant cockroach barely misses you. 😮 HP[-6]
You take 6 damage, and now have 24/32 hp.
You barely miss the giant cockroach. The giant cockroach misses you.
The orc hits you but does no damage.
You hit the giant cockroach. The giant cockroach barely misses you.
The orc hits you from afar with a +0 trident! 😮 HP[-6]
You take 6 damage, and now have 18/32 hp.
You barely miss the giant cockroach. The giant cockroach bites you.
The orc hits you but does no damage. 😮 HP[-1]
You take 1 damage, and now have 17/32 hp.
You hit the giant cockroach. The giant cockroach misses you.
You hit the giant cockroach.
You kill the giant cockroach!
The orc hits you from afar with a +0 trident.
* * * LOW HITPOINT WARNING * * *
Unknown command. 😨 HP[-2]
You take 2 damage, and now have 15/32 hp.
You barely miss the orc.
The orc hits you from afar with a +0 trident.
* * * LOW HITPOINT WARNING * * *
The orc hits you with a +0 hand axe.
* * * LOW HITPOINT WARNING * * *
😨 HP[-5]
You take 5 damage, and now have 10/32 hp.
You hit the orc but do no damage. The orc hits you but does no damage.
The orc closely misses you.
Unknown command.
You hit the orc. The orc barely misses you.
The orc hits you but does no damage.
You barely miss the orc. The orc barely misses you. x2 😨 HP[+1]
You hit the orc but do no damage. The orc barely misses you. x2
You hit the orc but do no damage. Your punch misses the orc.
The orc barely misses you. The orc hits you but does no damage.
Unknown command.
You hit the orc but do no damage. The orc hits you but does no damage.
The orc barely misses you.
You completely miss the orc.
The orc hits you from afar with a +0 trident.
* * * LOW HITPOINT WARNING * * *
The orc closely misses you. 😱 HP[-3]
You take 3 damage, and now have 8/32 hp.
You closely miss the orc. The orc completely misses you.
The orc hits you from afar with a +0 trident!
* * * LOW HITPOINT WARNING * * *
😱 HP[-7]
You take 7 damage, and now have 1/32 hp.
MASSIVE DAMAGE!! (PAUSE)
You feel much better. The orc hits you but does no damage.
The orc hits you from afar with a +0 trident.
* * * LOW HITPOINT WARNING * * *
😨 HP[+13]
You regained 13 hp, and now have 14/32 hp.
You hit the orc but do no damage. The orc hits you but does no damage.
The orc barely misses you.
You hit the orc but do no damage.
The orc hits you from afar with a +0 trident!
* * * LOW HITPOINT WARNING * * *
The orc hits you with a +0 hand axe.
* * * LOW HITPOINT WARNING * * *
😱 HP[-10]
You take 10 damage, and now have 4/32 hp.
MASSIVE DAMAGE!! (PAUSE)
You hit the orc.
The orc hits you from afar with a +0 trident.
* * * LOW HITPOINT WARNING * * *
The orc barely misses you.
You hit the orc but do no damage.
You are starting to lose your buoyancy.
The orc closely misses you. The orc hits you but does no damage.
As you read the scroll of teleportation {@r4}, it crumbles to dust.
You feel strangely unstable. The orc hits you with a +0 hand axe.
* * * LOW HITPOINT WARNING * * *
The orc hits you from afar with a +0 trident.
You die...

Skill      XL: |  1  2  3 |
---------------+----------+-----
Shapeshifting  | 3 4 |  4.4
Fighting       | |  1.0
Dodging        | |  1.7
Unarmed Combat | |  2.6

Action                     |  1- 3 |  4- 6 || total
---------------------------+-------+-------++-------
  Melee: Unarmed           |    94 |    56 ||   150
         Punch             |     3 |     1 ||     4
    Use: Scroll            |     3 |     3 ||     6
         Potion            |       |     4 ||     4
   Stab: Sleeping          |     3 |       ||     3
 Armour: Animal skin       |    42 |    50 ||    92
  Dodge: Dodged            |    52 |    44 ||    96

Levels and vault maps discovered:
D:1:      psy_arrival_terrarium, layout_basic, serial_park_tiny_1
D:2:      cheibrodos_old_hovel, layout_loops_ring, basic_altar,
          minmay_strange_pillars, reono_crystal_passage
D:4:      layout_loops_ring, nicolae_wu_jian_glorious_leap,
          minmay_temple_entry_butterflies

Notes
Turn   | Place    | Note
-------+----------+-------------------------------------------
     0 | D:1      | kae the Demonspawn Shapeshifter began the quest for the
                  | Orb.
     0 | D:1      | Reached XP level 1. HP: 15/15 MP: 1/1
     0 | D:1      | magus.rc [v1.11.3]
    80 | D:1      | Reached skill level 3 in Shapeshifting
   138 | D:1      | Gained mutation: You are partially covered in yellow
                  | scales. (AC +2) [demonic ancestry]
   138 | D:1      | Reached XP level 2. HP: 18/21 MP: 2/2
   350 | D:1      | Gained mutation: You are mostly covered in yellow scales.
                  | (AC +3) [demonic ancestry]
   350 | D:1      | Reached XP level 3. HP: 26/26 MP: 3/3
   469 | D:1      | Reached skill level 4 in Shapeshifting
   980 | D:2      | You pick up a book of Callings and begin reading...
   980 | D:2      | You add the spells Summon Small Mammal, Call Canine
                  | Familiar and Summon Blazeheart Golem to your library.
  1021 | D:2      | Reached XP level 4. HP: 27/32 MP: 4/4
  1138 | D:2      | Found an ornate altar of the Wu Jian Council.
  1152 | D:2      | You fall into a shaft and drop 2 floors!
  1241 | D:4      | Found a staircase to the Ecumenical Temple.
  1277 | D:4      | HP: 4/32 [orc/+0 hand axe (5)]
  1296 | D:4      | HP: 8/32 [orc/+0 trident (4)]
  1297 | D:4      | HP: 1/32 [orc/+0 trident (7)]
  1303 | D:4      | HP: 1/32 [orc/+0 hand axe (3)]
  1303 | D:4      | Slain by an orc

Vanquished Creatures
  A ribbon worm (D:2)
  3 orcs (D:4)
  7 ball pythons
  7 bats
  3 endoplasms
  2 giant cockroaches
  4 goblins
  3 hobgoblins (D:1)
  3 jackals (D:1)
  3 quokkas (D:1)
  6 kobolds
  4 rats
  A butterfly (D:4)
47 creatures vanquished.

Table legend:
 A = Non-vault XP
 B = Vault XP
 C = Vault XP percentage of total XP
 D = Non-vault monster count
 E = Vault monster count
 F = Vault count percentage of total count
                 A         B        C        D         E       F
            +---------+---------+-------+---------+---------+-------
      Total |     125 |       2 |   1.6 |      45 |       1 |   2.2
            +---------+---------+-------+---------+---------+-------
        D:1 |      76 |       0 |   0.0 |      29 |       0 |   0.0
        D:2 |      30 |       2 |   6.2 |      10 |       1 |   9.1
        D:4 |      19 |       0 |   0.0 |       6 |       0 |   0.0
            +---------+---------+-------+---------+---------+-------

Skill      XL: |  1  2  3 |
---------------+----------+-----
Shapeshifting  | 3 4 |  4.4
Fighting       | |  1.0
Dodging        | |  1.7
Unarmed Combat | |  2.6

Action                     |  1- 3 |  4- 6 || total
---------------------------+-------+-------++-------
  Melee: Unarmed           |    94 |    56 ||   150
         Punch             |     3 |     1 ||     4
    Use: Scroll            |     3 |     3 ||     6
         Potion            |       |     4 ||     4
   Stab: Sleeping          |     3 |       ||     3
 Armour: Animal skin       |    42 |    50 ||    92
  Dodge: Dodged            |    52 |    44 ||    96

Illustrated notes

Table legend:
 A = Kills in this place as a percentage of kills in the entire game.
 B = Kills by you in this place as a percentage of kills by you in the entire game.
 C = Kills by friends in this place as a percentage of kills by friends in the entire game.
 D = Other kills in this place as a percentage of other kills in the entire game.
 E = Experience gained in this place as a percentage of experience gained in the entire game.
 F = Experience gained in this place divided by the number of levels of this place that you have seen.
                   A       B       C       D       E      F
               +-------+-------+-------+-------+-------+----------------------
         Total | 100.0 | 100.0 |   N/A |   N/A | 100.0 |  42.3
       Dungeon | 100.0 | 100.0 |   N/A |   N/A | 100.0 |  42.3
               +-------+-------+-------+-------+-------+----------------------

Table legend: (Time is in decaauts)
 A = Elapsed time spent in this place.
 B = Non-inter-level travel time spent in this place.
 C = Inter-level travel time spent in this place.
 D = Time resting spent in this place.
 E = Time spent auto-exploring this place.
 F = Levels seen in this place.
 G = Mean time per level.
                   A        B        C        D        E       F      G
               +--------+--------+--------+--------+--------+-----+--------+
         Total |   1295 |   1291 |      4 |     40 |    945 |   3 |  431.7 |
       Dungeon |   1295 |   1291 |      4 |     40 |    945 |   3 |  431.7 |
               +--------+--------+--------+--------+--------+-----+--------+

Top non-repeatable levels by time:
     D:1: 864 daAuts
     D:2: 282 daAuts
     D:4: 149 daAuts
